Map: [ESL] Site Delta

Players

Erik - Winner!

  • Race: Zerg Zerg
  • Spawn Location: 11:00

Dolan

  • Race: Terran Terran
  • Spawn Location: 5:00

Event: ESL SC2 Masters 2023 Winter (Regional)

VOD

Have the link to the VOD?

Description

Time

  • Played on: Oct. 29, 2023, 1:45 p.m.
  • Length: 17:36

All games in this series

Show
View Real Time Build Order
Export as new Build Order

Erik Zerg - Winner!

Build Orders: Hatch First 

Get SALT Encoding   

  12  0:00  Drone  
  13  0:08  Drone  
  14  0:32  Hatchery  
  13  0:36  Drone  
  14  0:43  Overlord  
  14  0:59  Spawning Pool  
  14  1:03  Drone  
  14  1:07  Drone  
  14  1:10  Drone  
  16  1:14  Drone  
  17  1:24  Drone  
  18  1:29  Extractor  
  17  1:35  Drone  
  18  1:46  Zergling x2  
  19  1:47  Zergling x2, Queen  
  19  1:49  Queen  
  24  1:56  Drone  
  24  1:57  Drone  
  26  2:07  Drone, Overlord  
  27  2:17  Drone  
  27  2:22  Overlord  
  28  2:26  Queen  
  28  2:28  Drone  
  28  2:29  Drone  
  32  2:39  Roach Warren  
  32  2:40  Drone  
  32  2:41  Drone  
  33  2:54  Overlord  
  33  2:55  Drone  
  33  2:58  Drone x2  
  36  3:01  Drone x2  
  37  3:08  Drone x3  
  37  3:09  Drone  
  40  3:19  Drone x2  
  42  3:26  Overlord  
  42  3:34  Roach x3  
  42  3:37  Drone  
  42  3:39  Lair  
  49  3:45  Drone x4  
  49  3:48  Extractor  
  52  3:50  Extractor  
  51  3:56  Roach  
  51  3:57  Roach  
  51  4:00  Hatchery  
  54  4:03  Roach x2  
  54  4:06  Overlord  
  54  4:07  Drone  
  59  4:16  Overlord  
  60  4:17  Drone  
  60  4:20  Extractor  
  60  4:22  Drone x3  
  60  4:29  Drone x2  
  62  4:37  Overseer, Glial Reconstitution  
  62  4:39  Overlord  
  62  4:42  Drone x5  
  67  4:49  Queen  
  69  4:54  Overlord x2  
  69  5:03  Roach x4  
  77  5:11  Overlord x3  
  77  5:15  Drone  
  77  5:17  Drone x2  
  80  5:24  Drone x2, Infestation Pit  
  81  5:33  Drone x3  
  84  5:38  Evolution Chamber  
  84  5:41  Roach, Evolution Chamber  
  84  5:42  Roach x3  
  90  5:45  Drone  
  90  5:46  Drone x3  
  90  5:48  Extractor  
  90  5:49  Metabolic Boost  
  93  5:56  Overlord  
  93  5:58  Roach x3  
  99  6:11  Drone x10  
  107  6:15  Extractor  
  107  6:18  Spire  
  105  6:21  Hive  
  103  6:26  Ravager x3  
  106  6:39  Overlord  
  106  6:40  Hatchery  
  106  6:43  Zerg Melee Weapons Level 1  
  106  6:45  Zerg Missile Weapons Level 1  
  106  6:46  Overseer  
  106  6:47  Pneumatized Carapace  
  105  6:49  Zergling x12  
  105  6:50  Zergling x2  
  105  6:51  Zergling x2  
  113  6:58  Overlord  
  113  7:03  Overseer  
  113  7:05  Spore Crawler  
  113  7:06  Spore Crawler x2  
  110  7:12  Overlord x2  
  110  7:23  Drone  
  110  7:24  Drone x2  
  112  7:31  Corruptor x6  
  112  7:32  Corruptor  
  112  7:36  Corruptor  
  128  7:48  Drone x6  
  134  7:58  Overlord x2  
  134  8:00  Zergling x10  
  134  8:01  Zergling x4  
  141  8:13  Overlord  
  141  8:14  Greater Spire  
  141  8:17  Drone, Ultralisk Cavern  
  141  8:19  Extractor, Ravager  
  141  8:20  Extractor, Ravager x5  
  141  8:25  Roach x6  
  157  8:29  Spine Crawler  
  157  8:30  Drone x4, Spine Crawler  
  157  8:31  Spine Crawler  
  158  8:35  Drone x4  
  150  8:52  Roach x9  
  153  9:02  Infestor x2  
  157  9:06  Zergling x4  
  159  9:13  Overlord  
  159  9:14  Overlord  
  159  9:24  Overlord  
  153  9:26  Brood Lord x3  
  153  9:27  Zergling x12  
  153  9:28  Zergling x2  
  135  9:39  Roach  
  119  9:48  Brood Lord  
  119  9:49  Brood Lord x2  
  101  9:53  Roach  
  101  9:54  Roach x4  
  110  10:01  Drone x5  
  110  10:02  Drone  
  110  10:03  Extractor  
  111  10:22  Roach  
  111  10:23  Roach x6  
  121  10:30  Roach x3  
  121  10:32  Chitinous Plating  
  127  10:42  Queen  
  127  10:44  Zerg Melee Weapons Level 2  
  127  10:45  Zerg Ground Armor Level 1  
  127  10:47  Roach x8  
  145  10:50  Zergling x2  
  145  10:51  Zergling x2  
  145  10:54  Spine Crawler  
  145  10:55  Spine Crawler  
  145  11:01  Zergling x8  
  145  11:03  Viper  
  149  11:04  Viper  
  149  11:05  Hatchery  
  149  11:08  Zergling x4  
  156  11:11  Ravager x3  
  160  11:18  Drone x2  
  160  11:19  Zergling x4  
  160  11:20  Zergling x10  
  168  11:30  Queen  
  176  11:40  Ultralisk  
  176  11:43  Overlord  
  176  11:44  Overlord x3  
  176  11:45  Overlord  
  175  12:01  Ravager x6, Hatchery  
  175  12:02  Ravager x6  
  174  12:10  Roach x7  
  160  12:24  Zergling x2  
  160  12:25  Zergling x32  
  156  12:33  Roach x4  
  148  12:41  Zergling x4  
  144  12:45  Viper x2  
  144  12:48  Queen  
  145  12:54  Roach x6  
  145  12:55  Ravager  
  145  12:56  Ravager  
  159  13:01  Roach x6  
  171  13:17  Zergling x14  
  176  13:20  Extractor  
  176  13:21  Spine Crawler  
  176  13:22  Spine Crawler x2  
  163  13:31  Ultralisk x2  
  175  13:34  Ravager x5  
  175  13:40  Zergling x2  
  175  13:41  Zergling x10  
  185  13:47  Drone x4  
  176  14:17  Zergling x2  
  176  14:18  Zergling x40  
  188  14:50  Viper x2  
  194  14:57  Ravager  
  194  14:58  Ravager x3  
  194  14:59  Ultralisk  
  200  15:04  Zerg Ground Armor Level 2  
  196  15:08  Neural Parasite  
  196  15:12  Extractor  
  174  15:49  Infestor x2  
  168  15:50  Infestor  
  168  15:51  Zergling x2  
  168  15:52  Zergling x40  
  183  16:09  Roach  
  183  16:10  Roach x4  
  178  16:24  Roach  
  178  16:25  Roach x9  
  153  16:41  Ravager x5  
  153  16:42  Roach  
  153  16:43  Roach x9  
  149  16:59  Zergling x18  
  149  17:00  Zergling x8  
  139  17:12  Ravager x13  
  139  17:13  Zergling x8  
Show
View Real Time Build Order
Export as new Build Order

Dolan Terran 

Build Orders: 2 Factory, Command Center First, Mech 

Get SALT Encoding   

  12  0:00  SCV  
  13  0:12  SCV  
  14  0:17  Supply Depot  
  14  0:24  SCV  
  15  0:38  SCV  
  16  0:50  SCV  
  17  0:58  Command Center  
  17  1:02  SCV  
  18  1:12  Barracks  
  18  1:16  SCV  
  19  1:19  Refinery  
  19  1:28  SCV  
  19  1:29  Refinery  
  20  1:40  SCV  
  21  1:52  SCV  
  22  1:58  Reaper  
  23  2:04  Orbital Command  
  23  2:09  Orbital Command  
  23  2:17  Factory  
  23  2:33  SCV  
  23  2:35  Barracks Reactor  
  24  2:37  SCV  
  25  2:45  SCV  
  25  2:49  SCV  
  27  2:53  Factory  
  26  3:00  SCV  
  26  3:01  SCV  
  28  3:15  SCV  
  28  3:16  SCV  
  28  3:19  Cyclone x2  
  34  3:22  Armory  
  34  3:28  SCV x2, Supply Depot  
  34  3:30  Supply Depot  
  36  3:39  Factory Tech Lab  
  36  3:40  SCV x2  
  38  3:51  Hellion x2  
  42  3:56  SCV x2  
  46  4:05  Siege Tank  
  46  4:06  Marine  
  46  4:09  Bunker  
  48  4:14  Cyclone x2  
  48  4:15  SCV  
  48  4:16  SCV  
  54  4:35  Supply Depot  
  54  4:38  Command Center  
  54  4:41  Terran Vehicle Weapons Level 1  
  54  4:50  Hellion x3, SCV x2, Refinery  
  54  4:51  Refinery  
  62  4:54  Supply Depot  
  62  4:57  Supply Depot  
  62  5:02  SCV x2  
  64  5:12  Hurricane Engines  
  64  5:14  SCV x2  
  64  5:15  Hellion x2  
  64  5:16  Hellion  
  72  5:28  SCV x2, Engineering Bay  
  74  5:39  Factory  
  74  5:41  Factory  
  74  5:43  Factory  
  74  5:52  Orbital Command  
  74  5:53  SCV x2  
  76  5:58  Siege Tank  
  76  5:59  Hellion x2  
  71  6:14  SCV x2  
  73  6:24  SCV  
  74  6:26  Factory Tech Lab, SCV x2  
  74  6:27  Factory Tech Lab  
  74  6:28  Factory Reactor  
  74  6:29  Orbital Command, Cyclone x2  
  74  6:30  Siege Tank  
  83  6:36  Terran Vehicle Weapons Level 2  
  83  6:38  SCV x2  
  85  6:46  Missile Turret  
  85  6:50  SCV  
  85  6:51  Infernal Pre-Igniter, SCV  
  85  6:52  Siege Tank  
  90  6:55  SCV  
  90  6:58  Siege Tank  
  90  6:59  Refinery  
  94  7:03  SCV x2, Refinery  
  94  7:04  Hellion x2  
  94  7:07  SCV  
  101  7:15  Supply Depot  
  101  7:17  Supply Depot  
  101  7:19  Siege Tank, Supply Depot  
  101  7:20  Cyclone x2  
  101  7:22  SCV  
  109  7:29  Supply Depot  
  109  7:37  Siege Tank x2, SCV x2  
  109  7:39  Hellion x2  
  121  7:48  SCV  
  121  7:49  SCV x2  
  124  7:59  Siege Tank  
  124  8:01  Cyclone x2  
  124  8:02  SCV x3  
  134  8:07  Supply Depot x2  
  134  8:12  Siege Tank x2  
  140  8:17  Supply Depot  
  140  8:18  Supply Depot  
  140  8:21  Cyclone x2  
  144  8:30  Sensor Tower  
  144  8:35  Command Center  
  144  8:37  SCV x3  
  144  8:38  Siege Tank  
  144  8:39  Cyclone  
  152  8:41  Orbital Command  
  134  9:03  Siege Tank x2  
  134  9:04  Cyclone x3  
  134  9:06  SCV  
  134  9:07  SCV  
  134  9:08  SCV  
  149  9:11  Thor  
  147  9:36  Thor  
  149  9:38  Hellion x3  
  149  9:39  Hellion  
  149  9:42  Starport  
  129  9:58  Thor x2  
  138  10:02  Hellion x4  
  143  10:09  Terran Vehicle And Ship Armor Level 1  
  140  10:19  Thor x4  
  134  10:23  Thor  
  132  10:39  Hellion x2  
  132  10:40  Hellion x2  
  132  10:41  Thor, Starport Reactor  
  146  10:43  Planetary Fortress  
  146  10:44  SCV x3  
  149  10:50  Siege Tank  
  149  10:53  Refinery  
  149  10:55  Refinery  
  149  10:56  SCV x3  
  155  10:59  Command Center  
  155  11:01  Hellion x4  
  163  11:09  Siege Tank  
  166  11:16  SCV x3  
  169  11:22  Hellion x4  
  177  11:26  Viking x2, Thor  
  177  11:27  Siege Tank  
  177  11:28  SCV x3  
  193  11:46  Siege Tank  
  196  12:02  Supply Depot  
  196  12:06  Hellion  
  196  12:11  Hellion x2  
  196  12:13  Viking  
  196  12:14  Viking  
  168  12:23  Siege Tank x3  
  168  12:24  Hellion  
  168  12:28  Hellion  
  166  12:32  Hellion x2  
  146  12:45  Hellion  
  146  12:47  Viking x2  
  146  12:49  Terran Vehicle Weapons Level 3  
  134  12:52  Factory  
  134  12:53  Factory  
  134  12:55  Siege Tank  
  137  12:59  Siege Tank, Thor  
  137  13:00  Hellion, Sensor Tower  
  137  13:01  Hellion x2  
  152  13:07  Hellion  
  154  13:16  Missile Turret  
  154  13:19  Missile Turret  
  154  13:22  Hellion x3  
  152  13:28  Thor  
  152  13:29  Viking x2  
  152  13:31  Thor  
  167  13:35  Hellion x4  
  175  13:52  Planetary Fortress  
  175  13:56  Refinery  
  175  13:58  Sensor Tower  
  175  13:59  Refinery  
  175  14:02  Thor  
  180  14:04  Hellion x2  
  182  14:11  Siege Tank  
  182  14:14  Orbital Command  
  163  14:20  Siege Tank  
  163  14:21  Hellion x2  
  166  14:25  Hellion  
  166  14:29  Hellion  
  166  14:30  Factory Tech Lab, Factory Reactor  
  174  14:41  Liberator x2  
  174  14:43  Siege Tank  
  174  14:45  Thor  
  183  14:48  Hellion x2  
  183  14:49  Hellion  
  183  14:50  Hellion x10  
  186  15:01  Refinery  
  186  15:05  Siege Tank  
  186  15:06  Hellion  
  191  15:17  Siege Tank  
  194  15:27  Liberator x2  
  173  15:31  Thor  
  173  15:32  Hellion  
  178  15:40  Siege Tank, Hellion x3  
  168  15:52  Siege Tank  
  168  15:53  Hellion  
  80  17:12  Hellion x2  
Tags
 
Add a new tag
Caveats
  • Supply blocks, unpowered buildings, or Contaminate may cause inaccurate times.
  • Supply counts are checked every 10 seconds.